 Dungeon Crawl Stone Soup version 0.31-a0-435-g2c6fae2916 (webtiles) character file.

Game seed: 2730959083273450358

127 Grim the Gusty (level 4, -5/24 HPs)
             Began as a Deep Elf Air Elementalist on Aug 1, 2023.
             Slain by a sleepcap (14 damage)
             ... on level 4 of the Dungeon.
             The game lasted 00:06:41 (3163 turns).

Grim the Gusty (Deep Elf Air Elementalist)          Turns: 3163, Time: 00:06:41

Health: -5/24      AC:  3    Str:  7    XL:     4   Next: 85%
Magic:  12/19      EV:  2    Int: 20    God:
Gold:   149        SH:  0    Dex: 15    Spells: 6/9 levels left

rFire   . . .        j - +0 rapier
rCold   . . .        (no shield)
rNeg    . . .        a - +0 robe
rPois   .            (no helmet)
rElec   .            (no cloak)
rCorr   .            s - +0 pair of gloves
SInv    .            (no boots)
Will    .....        (no amulet)
Stlth   ++           g - ring of magical power
HPRegen 0.24/turn    u - ring of wizardry
MPRegen 0.16/turn

%: wizardry (x1)
@: sleeping
A: no striking features
a: no special abilities


You were on level 4 of the Dungeon.
You visited 1 branch of the dungeon, and saw 4 of its levels.

You collected 149 gold pieces.

Inventory:

Hand Weapons
 j - a +0 rapier (weapon)
Armour
 a - a +0 robe (worn)
 s - a +0 pair of gloves (worn)
Jewellery
 g - a ring of magical power (left hand)
 m - a ring of poison resistance
 u - a ring of wizardry (right hand)
 v - an amulet of faith
Wands
 k - a wand of iceblast (15)
Scrolls
 c - a scroll of fog {unknown}
 d - a scroll of noise {unknown}
 e - 2 scrolls of identify {unknown}
 i - a scroll of blinking {unknown}
 l - a scroll of revelation {unknown}
 n - a scroll of brand weapon {unknown}
 p - 2 scrolls of teleportation {unknown}
Potions
 b - a potion of magic
 f - a potion of heal wounds {unknown}
 h - a potion of degeneration {unknown}
 o - a potion of curing {unknown}
 q - a potion of haste {unknown}
 r - a potion of might {unknown}
 t - 3 potions of mutation {unknown}


   Skills:
 + Level 1.6 Short Blades
 - Level 2.4 Dodging
 - Level 2.4 Stealth
 - Level 3.0 Spellcasting
 + Level 3.4 Conjurations
 + Level 4.2 Air Magic


You had 6 spell levels left.
You knew the following spells:

 Your Spells              Type           Power      Damage    Failure   Level
a - Shock                 Conj/Air       72%        1d7       1%          1
b - Static Discharge      Conj/Air       36%        2-4/arc   1%          2

Your spell library contained the following spells:

 Spells                   Type           Power      Damage    Failure   Level
 Swiftness                Air            20%        N/A       3%          3
 Airstrike                Air            10%        2d(2-18)  10%         4


Dungeon Overview and Level Annotations

Branches:
Dungeon (4/15)
 Temple: D:4-7

Altars:
Kikubaaqudgha

Shops:
D:1 ?   D:3 *


Message History

Aiming: Shock (safe; 1% risk of failure)
Press: ? - help, Shift-Dir - straight line, f/p - sleepcap
Aim: a sleepcap (heavily damaged, 100% to hit)
The zap hits the sleepcap but does no damage.
The sleepcap is heavily damaged.
Casting: Shock (safe; 1% risk of failure)
Confirm with . or Enter, or press ? or * to list all spells.
Aiming: Shock (safe; 1% risk of failure)
Press: ? - help, Shift-Dir - straight line, p - sleepcap The zap hits the sleepcap but does no damage.
The sleepcap is heavily damaged.
The zap hits the sleepcap.
The sleepcap is severely damaged.
Casting: Shock (safe; 1% risk of failure)
Confirm with . or Enter, or press ? or * to list all spells.
Aiming: Shock (safe; 1% risk of failure)
Press: ? - help, Shift-Dir - straight line
Okay, then.
The sleepcap attacks as you move away!
The sleepcap releases spores at you but does no damage.
Casting: Shock (safe; 1% risk of failure)
Confirm with . or Enter, or press ? or * to list all spells.
Aiming: Shock (safe; 1% risk of failure)
Press: ? - help, Shift-Dir - straight line The zap hits the sleepcap.
The sleepcap is almost destroyed.
The sleepcap releases spores at you!
Casting: Shock (safe; 1% risk of failure)
Confirm with . or Enter, or press ? or * to list all spells.
Aiming: Shock (safe; 1% risk of failure)
Press: ? - help, Shift-Dir - straight line The zap hits the sleepcap but does no damage.
The sleepcap is almost destroyed.
The sleepcap releases spores at you!
* * * LOW HITPOINT WARNING * * *
You are engulfed in a cloud of soporific spores!
You fall asleep.
The sleepcap releases spores at you!
Ouch! That really hurt!
You die...

#.#......#....
#.#..###.#....
######.#....#.....< .
#......#.##.####### ..
#.###....# ...
#.#####.###.#######..
#.............>........
#.##.##'##..####### ..#
#...f@#.#... .#
#.....#.####+ ##..###.#
...#. #.# #### # ...
...


You could see a sleepcap.

Vanquished Creatures
  An orc wizard (D:4)
  3 adders
  An ufetubus (D:4)
  3 dart slugs
  2 orcs (D:4)
  3 bats (D:2)
  9 endoplasms
  2 giant cockroaches
  4 goblins
  7 hobgoblins
  3 jackals (D:1)
  3 kobolds
  A quokka (D:3)
  5 ball pythons
  3 frilled lizards
  8 rats
58 creatures vanquished.

Notes
Turn   | Place    | Note
-------+----------+-------------------------------------------
     0 | D:1      | Grim the Deep Elf Air Elementalist began the quest for the
                  | Orb.
     0 | D:1      | Reached XP level 1. HP: 10/10 MP: 6/6
   187 | D:1      | Found a faded altar of an unknown god.
   199 | D:1      | Reached XP level 2. HP: 10/15 MP: 0/8
   501 | D:1      | Found Upuhimu's Magic Scroll Shop.
   949 | D:1      | Reached XP level 3. HP: 19/19 MP: 9/9
  1283 | D:2      | Learned a level 2 spell: Static Discharge
  2036 | D:3      | Found Zol Laorgh's General Store.
  2488 | D:3      | Reached skill level 4 in Air Magic
  2488 | D:3      | Reached XP level 4. HP: 17/24 MP: 10/10
  2542 | D:3      | Reached skill level 1 in Short Blades
  2778 | D:3      | Found an ancient bone altar of Kikubaaqudgha.
  3163 | D:4      | Slain by a sleepcap

Illustrated notes

Levels and vault maps discovered:
D:1:      psy_arrival_dodecagon, layout_rooms,
          nicolae_ecumenical_snake_handling, serial_forest,
          infiniplex_forest_corner_2, infiniplex_forest_clump_medium,
          infiniplex_forest_clump_curved, infiniplex_forest_lined_corner,
          infiniplex_forest_clump_cross, infiniplex_forest_lined_3_way,
          infiniplex_forest_side_room, infiniplex_forest_straight_1,
          infiniplex_forest_zigzag_2, serial_shops, nicolae_shop_back_alley_shop
D:2:      cheibrodos_helix_gallery, layout_loops_ring, serial_bayou_pond_c,
          dk_noncrumbling_2, moated_statue, minmay_misc_feat_four_crosses
D:3:      layout_loops_corners, mainiacjoe_overflow_chevrons, serial_shops,
          shop, minivault_11
D:4:      layout_basic, hex_intersection

Skill      XL: |  1  2  3  4 |
---------------+-------------+-----
Conjurations   | 2 3 |  3.4
Air Magic      | 4 |  4.2
Short Blades   | 1 |  1.6
Dodging        | |  2.4
Stealth        | |  2.4
Spellcasting   | |  3.0

Action                     |  1- 3 |  4- 6 || total
---------------------------+-------+-------++-------
  Melee: Unarmed           |     5 |       ||     5
   Cast: Shock             |    77 |    35 ||   112
         Static Discharge  |     4 |       ||     4
 Armour: Robe              |     4 |     1 ||     5
  Dodge: Dodged            |    19 |       ||    19

Table legend: (Time is in decaauts)
 A = Elapsed time spent in this place.
 B = Non-inter-level travel time spent in this place.
 C = Inter-level travel time spent in this place.
 D = Time resting spent in this place.
 E = Time spent auto-exploring this place.
 F = Levels seen in this place.
 G = Mean time per level.
                   A        B        C        D        E       F      G
               +--------+--------+--------+--------+--------+-----+--------+
         Total |   3164 |   3053 |    111 |    581 |   2148 |   4 |  791.0 |
       Dungeon |   3164 |   3053 |    111 |    581 |   2148 |   4 |  791.0 |
               +--------+--------+--------+--------+--------+-----+--------+

Top non-repeatable levels by time:
     D:1: 1221 daAuts
     D:3: 1010 daAuts
     D:2: 817 daAuts
     D:4: 115 daAuts
